[Event "Titled Tuesday Blitz May 03 Early 2022"]
[White "Avazkhonov, Alikhon"]
[Black "Zainullina, Nataliya"]
[WhiteFideId "14208504"]
[BlackFideId "4145488"]
[WhiteElo "1739"]
[BlackElo "2069"]
[Result "0-1"]
[Round "09"]
[TimeControl "180+1"]
[Date "2022.05.03"]
[WhiteClock "0:00:12"]
[BlackClock "0:01:07"]

1. e4 c6 2. Nc3 d5 3. Nf3 dxe4 4. Nxe4 Nf6 5. Qe2 e6 6. d4 Be7 7. c3 O-O 8. Nxf6+ Bxf6 9. Qe4 Qd5 10. Bd3 Qxe4+ 11. Bxe4 b6 12. O-O Ba6 13. Re1 Rc8 14. Ne5 Bxe5 15. dxe5 Nd7 16. Bf4 Nc5 17. Rad1 Nxe4 18. Rxe4 Rd8 19. Red4 Rxd4 20. Rxd4 Kf8 21. Rd7 Ke8 22. Rc7 c5 23. h4 Bb5 24. b3 Bd7 25. c4 Kd8 26. Rb7 Kc8 27. Rxd7 Kxd7 28. g4 Kc6 29. Bg5 Rc8 30. Kf1 Rc7 31. Ke2 Rd7 32. h5 b5 33. Be3 a5 34. f4 a4 35. f5 Rb7 36. f6 g6 37. hxg6 hxg6 38. cxb5+ Kxb5 39. bxa4+ Kxa4 40. Bxc5 Rb2+ 41. Ke3 Rxa2 42. Kf4 Rh2 43. Kg5 Kb5 44. Bf8 Rh8 45. Bg7 Rh7 46. Bf8 Kc4 47. Bd6 Kd5 48. Kf4 Rh3 49. Bf8 Rh1 50. Bd6 Rf1+ 51. Kg5 Rh1 52. Kf4 Rh8 53. Be7 Rh7 54. Bd6 Kd4 55. Bf8 Rh1 56. Bd6 Rf1+ 57. Kg5 Rh1 58. Kf4 Kd3 59. Bb8 Ke2 60. Ba7 Kf1 61. Bb6 Kg2 62. Ba7 Kh3 63. Bb6 Kh4 64. Bf2+ Kh3 65. Be3 Re1 66. Kg5 Rxe3 67. Kh6 Kxg4 68. Kg7 Rxe5 69. Kxf7 Rf5 70. Kxg6 e5 71. f7 e4 72. Kg7 e3 73. f8=Q Rxf8 74. Kxf8 e2 75. Kg7 e1=Q 76. Kg6 Qe6+ 77. Kg7 Kg5 78. Kh7 Qf7+ 79. Kh8 Qe7 80. Kg8 Kh6 81. Kh8 Qh7# 0-1


[Site "https://www.chess.com"]

[Event "Titled Tuesday Blitz May 03 Early 2022"]
[White "Babazada, Khazar"]
[Black "Skliarov, Viktor"]
[WhiteFideId "13413554"]
[BlackFideId "14106736"]
[WhiteElo "2406"]
[BlackElo "2229"]
[Result "1-0"]
[Round "09"]
[TimeControl "180+1"]
[Date "2022.05.03"]
[WhiteClock "0:00:35"]
[BlackClock "0:00:11"]

1. e4 c5 2. Nf3 Nc6 3. d4 cxd4 4. Nxd4 Nf6 5. Nc3 e5 6. Ndb5 d6 7. Bg5 a6 8. Na3 b5 9. Nd5 Be7 10. Bxf6 Bxf6 11. c3 O-O 12. Nc2 Rb8 13. h4 Be6 14. Nce3 b4 15. Bd3 bxc3 16. bxc3 a5 17. g3 g6 18. Kf1 Bxd5 19. Nxd5 Bg7 20. h5 Ne7 21. Bc4 Nxd5 22. Bxd5 Qf6 23. Rb1 Rxb1 24. Qxb1 Rc8 25. Qd3 Rb8 26. hxg6 hxg6 27. Qd2 Rb1+ 28. Kg2 Rxh1 29. Kxh1 Qf3+ 30. Kg1 Bf6 31. Qb2 Kg7 32. Qb7 Bg5 33. Qc7 Bd2 34. Qxa5 Bxc3 35. Qa3 Qd1+ 36. Kg2 Qd2 37. Qa7 Bd4 38. Qxf7+ Kh6 39. Qf8+ Kg5 40. Qd8+ Kh6 41. Qh8+ Kg5 42. Qh4# 1-0


[Site "https://www.chess.com"]

[Event "Titled Tuesday Blitz May 03 Early 2022"]
[White "Bacrot, Etienne"]
[Black "Mirzoev, Azer"]
[WhiteFideId "605506"]
[BlackFideId "13400304"]
[WhiteElo "2673"]
[BlackElo "2525"]
[Result "1-0"]
[Round "09"]
[TimeControl "180+1"]
[Date "2022.05.03"]
[WhiteClock "0:00:05"]
[BlackClock "0:00:01"]

1. d4 d5 2. Nf3 c6 3. Bf4 Qb6 4. Qc1 Nf6 5. e3 Bg4 6. Ne5 Bh5 7. c4 Nbd7 8. Nxd7 Nxd7 9. Nc3 e6 10. c5 Qd8 11. b4 Be7 12. Bd3 Bg6 13. Bxg6 hxg6 14. O-O Bg5 15. Bg3 Bh4 16. b5 Bxg3 17. hxg3 Qg5 18. Rb1 Nf6 19. e4 Qh5 20. f3 dxe4 21. Nxe4 Nxe4 22. fxe4 O-O 23. Qe3 Rad8 24. bxc6 bxc6 25. Rb7 e5 26. d5 cxd5 27. exd5 Rxd5 28. c6 Rd1 29. Qf3 Rxf1+ 30. Kxf1 Qh1+ 31. Ke2 Qc1 32. Qd5 Qc2+ 33. Kf1 Qc1+ 34. Kf2 Qc2+ 35. Kg1 Qc1+ 36. Kh2 Qh6+ 37. Kg1 Qc1+ 38. Kf2 Qc2+ 39. Ke3 Qc3+ 40. Ke2 Qc2+ 41. Kf3 Qc3+ 42. Kg4 Kh7 43. c7 f5+ 44. Kh3 Qc1 45. Kh2 Qh6+ 46. Kg1 Qc1+ 47. Kf2 Qc2+ 48. Ke1 Qc1+ 49. Ke2 Qc2+ 50. Qd2 Qc6 51. Rb8 Qc4+ 52. Ke1 Qxc7 53. Rxf8 e4 54. Rd8 Qc5 55. Kf1 Qc4+ 56. Qe2 Qc1+ 57. Rd1 Qc5 58. Qf2 Qc4+ 59. Kg1 Qc3 60. Re1 a5 61. Qe3 Qc4 62. a3 a4 63. Rf1 Qc2 64. g4 Qb2 65. gxf5 gxf5 66. Rxf5 Qa1+ 67. Kh2 1-0


[Site "https://www.chess.com"]

[Event "Titled Tuesday Blitz May 03 Early 2022"]
[White "Barria Zuniga, Daniel"]
[Black "Suarez Uriel, Adrian"]
[WhiteFideId "3400816"]
[BlackFideId "22230874"]
[WhiteElo "2414"]
[BlackElo "2316"]
[Result "1-0"]
[Round "09"]
[TimeControl "180+1"]
[Date "2022.05.03"]
[WhiteClock "0:01:17"]
[BlackClock "0:01:50"]

1. c4 Nf6 2. g3 e5 3. Bg2 h6 4. Nc3 Bb4 5. Na4 O-O 6. a3 Be7 7. b4 Re8 8. Bb2 Bf8 9. d3 c6 10. Nf3 d6 11. O-O Nbd7 12. h3 g6 13. Kh2 Bg7 14. Rc1 Nh5 15. e4 Rf8 16. d4 exd4 17. Nxd4 Ne5 18. f4 Nd7 19. g4 Nhf6 20. Ne2 Re8 21. Ng3 Qc7 22. Qd2 Nf8 23. Rfd1 Ne6 24. e5 dxe5 25. Bxe5 Qd7 26. Qb2 Qe7 27. Re1 b6 28. Bxc6 Bb7 29. Bxb7 Qxb7 30. Bxf6 Nxf4 31. Bxg7 Qf3 32. Bxh6 Re2+ 33. Rxe2 1-0


[Site "https://www.chess.com"]

[Event "Titled Tuesday Blitz May 03 Early 2022"]
[White "Bartel, Michal"]
[Black "Nagy, Gabor"]
[WhiteFideId "1119257"]
[BlackFideId "737119"]
[WhiteElo "2211"]
[BlackElo "2534"]
[Result "1-0"]
[Round "09"]
[TimeControl "180+1"]
[Date "2022.05.03"]
[WhiteClock "0:02:03"]
[BlackClock "0:01:07"]

1. e4 g6 2. g3 Bg7 3. Bg2 c5 4. Ne2 Nc6 5. c3 d6 6. d4 cxd4 7. cxd4 Nf6 8. Nbc3 O-O 9. O-O Bd7 10. h3 Rc8 11. Be3 a6 12. Qd2 b5 13. b3 e5 14. Rac1 exd4 15. Nxd4 Re8 16. g4 b4 17. Nce2 Nxe4 18. Qd3 Nc5 19. Qd2 Ne5 20. Nf4 a5 21. Rfd1 Qh4 22. Nd5 Ned3 23. Bg5 Qxf2+ 24. Qxf2 Nxf2 25. Kxf2 Nd3+ 26. Rxd3 Rxc1 27. Bxc1 1-0


[Site "https://www.chess.com"]

[Event "Titled Tuesday Blitz May 03 Early 2022"]
[White "Bifulco, Michel"]
[Black "Petre, Nad-Titus"]
[WhiteFideId "828580"]
[BlackFideId "1204165"]
[WhiteElo "2165"]
[BlackElo "2354"]
[Result "1-0"]
[Round "09"]
[TimeControl "180+1"]
[Date "2022.05.03"]
[WhiteClock "0:01:00"]
[BlackClock "0:00:52"]

1. d4 Nf6 2. Nc3 d5 3. Bf4 g6 4. h4 Bg7 5. e3 h5 6. Nf3 Bg4 7. Be2 c6 8. Ne5 Bxe2 9. Qxe2 Nbd7 10. O-O-O a5 11. f3 Qc8 12. e4 a4 13. Rhe1 e6 14. g4 hxg4 15. fxg4 Rxh4 16. Bg5 Rh7 17. Rf1 Qc7 18. Nxf7 Kxf7 19. e5 Bh6 20. Bxh6 Rxh6 21. exf6 Rah8 22. Rde1 Nf8 23. Nxa4 Rh2 24. Qe3 R8h3 25. Rf3 Rh4 26. Nc5 Rh1 27. Nxe6 Rxe1+ 28. Qxe1 Nxe6 29. Qxh4 Nf8 30. Qh8 Qd6 31. Qg7+ Ke8 32. Re3+ Kd8 33. Qe7+ 1-0


[Site "https://www.chess.com"]

[Event "Titled Tuesday Blitz May 03 Early 2022"]
[White "Bintang, Rasyid A. Hidayat"]
[Black "Souleidis, Georgios"]
[WhiteFideId "7105355"]
[BlackFideId "4206827"]
[WhiteElo "2428"]
[BlackElo "2401"]
[Result "0-1"]
[Round "09"]
[TimeControl "180+1"]
[Date "2022.05.03"]
[WhiteClock "0:00:18"]
[BlackClock "0:00:14"]

1. d4 Nf6 2. Bf4 d5 3. e3 e6 4. Nd2 Bd6 5. Bg3 O-O 6. Ngf3 b6 7. Bd3 c5 8. c3 Ba6 9. Bxa6 Nxa6 10. Qe2 Nb8 11. Ne5 Qc7 12. f4 Nc6 13. Bh4 Ne4 14. Nxe4 dxe4 15. O-O f6 16. Nc4 Be7 17. a4 a6 18. Nd2 f5 19. Bxe7 Nxe7 20. Nc4 cxd4 21. cxd4 Rac8 22. b3 Nd5 23. Rfc1 b5 24. axb5 axb5 25. Ne5 Qxc1+ 26. Rxc1 Rxc1+ 27. Kf2 Rb8 28. Nd7 Ra8 29. Qxb5 Rc2+ 30. Kg3 Nxe3 31. Qb7 Raa2 32. Qb8+ Kf7 33. Qf8+ Kg6 34. Ne5+ Kh6 35. Nf7+ Kg6 36. Ne5+ Kh6 37. Nf7+ Kh5 38. Qe7 Rxg2+ 39. Kh3 Rxh2+ 40. Kg3 Rag2# 0-1


[Site "https://www.chess.com"]

[Event "Titled Tuesday Blitz May 03 Early 2022"]
[White "Bluebaum, Matthias"]
[Black "Fedoseev, Vladimir"]
[WhiteFideId "24651516"]
[BlackFideId "24130737"]
[WhiteElo "2550"]
[BlackElo "2726"]
[Result "1/2-1/2"]
[Round "09"]
[TimeControl "180+1"]
[Date "2022.05.03"]
[WhiteClock "0:00:12"]
[BlackClock "0:00:08"]

1. d4 Nf6 2. c4 e6 3. Nc3 d5 4. cxd5 exd5 5. Bg5 c6 6. e3 Bd6 7. Bd3 Nbd7 8. Nf3 Nf8 9. O-O Ng6 10. e4 dxe4 11. Bxf6 gxf6 12. Bxe4 O-O 13. Re1 f5 14. Bc2 Qf6 15. g3 Bd7 16. Qd2 Qg7 17. Kh1 Rad8 18. Qg5 f4 19. Bf5 fxg3 20. hxg3 Ne7 21. Qxg7+ Kxg7 22. Bxd7 Rxd7 23. Ne4 Ng6 24. Rad1 Rfd8 25. Re2 Be7 26. Red2 h6 27. Kg2 f5 28. Nc3 Bf6 29. Na4 b6 30. b4 h5 31. Rc1 Ne7 32. Nc3 c5 33. bxc5 bxc5 34. Ne2 cxd4 35. Nf4 Kf7 36. Nxh5 Rd6 37. Nxf6 Kxf6 38. Rc5 d3 39. Rc3 Nd5 40. Rb3 Nb6 41. Ne1 Re6 42. Rdxd3 Rde8 43. Nf3 Re2 44. Ra3 R8e7 45. Nd4 R2e4 46. Nb5 Ra4 47. Rxa4 Nxa4 48. Ra3 Nc5 49. Rxa7 Re2 50. Nd4 Rd2 51. Ra5 Ne4 52. Rxf5+ Kg6 53. Rf4 Rxd4 54. Kf3 Ng5+ 55. Ke3 Rd6 56. Rb4 Ra6 57. a4 Ne6 58. f4 Nc5 59. Kf3 Nxa4 60. g4 Nc5 61. Kg3 Nd7 62. Rd4 Nf6 63. Rd3 Ra4 64. Rb3 Rc4 65. Rd3 Kf7 66. g5 Nh5+ 67. Kg4 Nxf4 68. Rf3 Kg6 69. Rxf4 Rxf4+ 70. Kxf4 Kg7 71. Kf5 Kf7 72. g6+ Kg7 73. Kg5 Kg8 74. Kf5 Kg7 75. Kg5 Kg8 76. Kf6 Kf8 77. g7+ Kg8 78. Kg6 1/2-1/2


[Site "https://www.chess.com"]

[Event "Titled Tuesday Blitz May 03 Early 2022"]
[White "Bocharov, Dmitry"]
[Black "Eynullayev, Atilla"]
[WhiteFideId "4138716"]
[BlackFideId "13413570"]
[WhiteElo "2541"]
[BlackElo "1936"]
[Result "1-0"]
[Round "09"]
[TimeControl "180+1"]
[Date "2022.05.03"]
[WhiteClock "0:02:15"]
[BlackClock "0:01:15"]

1. d4 Nf6 2. c4 e6 3. g3 d5 4. Nf3 Be7 5. Bg2 O-O 6. O-O dxc4 7. Ne5 Nc6 8. Bxc6 bxc6 9. Nxc6 Qe8 10. Nxe7+ Qxe7 11. Nc3 c5 12. dxc5 Qxc5 13. Be3 Qc7 14. Qa4 Bb7 15. f3 Qc6 16. Qxc6 Bxc6 17. Bd4 Nd7 18. Rfd1 f6 19. Rd2 Kf7 20. Rad1 Ke7 21. Kf2 Rfb8 22. g4 Rb7 23. h4 Rab8 24. g5 e5 25. Be3 Rxb2 26. Bxa7 Rxd2 27. Rxd2 Ra8 28. Be3 Ra3 29. Rc2 Ke6 30. Bc1 Ra4 31. Nxa4 1-0


[Site "https://www.chess.com"]

[Event "Titled Tuesday Blitz May 03 Early 2022"]
[White "Borgaonkar Akshay"]
[Black "Manukian, Artak"]
[WhiteFideId "25639110"]
[BlackFideId "13301373"]
[WhiteElo "1624"]
[BlackElo "2357"]
[Result "1/2-1/2"]
[Round "09"]
[TimeControl "180+1"]
[Date "2022.05.03"]
[WhiteClock "0:01:56"]
[BlackClock "0:01:51"]

1. Nf3 g6 2. g3 Bg7 3. Bg2 e5 4. d3 d5 5. O-O f5 6. e4 fxe4 7. dxe4 d4 8. c3 c5 9. cxd4 cxd4 10. Qb3 h6 11. Nh4 Ne7 12. f4 Qb6 13. Qd3 Nbc6 14. Nd2 Nb4 15. Qb3 Be6 16. Qa4+ Bd7 17. Qb3 Be6 18. Qa4+ Bd7 19. Qb3 Be6 1/2-1/2


[Site "https://www.chess.com"]

[Event "Titled Tuesday Blitz May 03 Early 2022"]
[White "Buscar, Michael"]
[Black "Terzi, Alexei"]
[WhiteFideId "2603616"]
[BlackFideId "13505076"]
[WhiteElo "2010"]
[BlackElo "2031"]
[Result "1-0"]
[Round "09"]
[TimeControl "180+1"]
[Date "2022.05.03"]
[WhiteClock "0:00:46"]
[BlackClock "0:00:07"]

1. d4 Nf6 2. c4 c5 3. d5 b5 4. cxb5 a6 5. bxa6 g6 6. Nf3 Bg7 7. g3 O-O 8. Bg2 d6 9. O-O Nbd7 10. Nc3 Nb6 11. Nd2 Ne8 12. Na4 Bxa6 13. Nxb6 Qxb6 14. Rb1 Nc7 15. Re1 Rfb8 16. b3 Bc8 17. Qc2 Bf5 18. e4 Bc8 19. Nc4 Qa7 20. a4 Na6 21. e5 Nb4 22. Qe2 Bf5 23. Be4 Nxd5 24. Bd2 Bxe4 25. Qxe4 Nb4 26. exd6 exd6 27. Nxd6 Rd8 28. Bxb4 Rxd6 29. Bxc5 Qxc5 30. Qxa8+ Bf8 31. Re8 Rf6 32. Rxf8+ Qxf8 33. Qxf8+ Kxf8 34. b4 Ke8 35. b5 Kd8 36. b6 Kc8 37. a5 Kb8 38. a6 Re6 39. a7+ Kb7 40. Ra1 Re8 41. Kg2 Ra8 42. Rb1 Re8 43. Kf3 f5 44. Kf4 h6 45. f3 Rf8 46. h4 Re8 47. h5 gxh5 48. Kxf5 Rf8+ 49. Ke4 Rg8 50. Ra1 Ka8 51. Kf5 Rf8+ 52. Kg6 Re8 53. b7+ Kxb7 54. a8=Q+ Rxa8 55. Rxa8 Kxa8 56. Kxh5 1-0


[Site "https://www.chess.com"]

[Event "Titled Tuesday Blitz May 03 Early 2022"]
[White "Cherniaiev, Tykhon"]
[Black "Paravyan, David"]
[WhiteFideId "14182360"]
[BlackFideId "4194985"]
[WhiteElo "2289"]
[BlackElo "2569"]
[Result "0-1"]
[Round "09"]
[TimeControl "180+1"]
[Date "2022.05.03"]
[WhiteClock "0:00:09"]
[BlackClock "0:02:23"]

1. Nf3 Nf6 2. c4 c5 3. g3 d5 4. cxd5 Nxd5 5. Bg2 Nc6 6. O-O e5 7. Nc3 Be6 8. d3 Be7 9. Bd2 O-O 10. Rc1 Nxc3 11. Bxc3 f6 12. a3 Qd7 13. Nd2 Rab8 14. b3 Rfc8 15. Bb2 Bf8 16. f4 exf4 17. Rxf4 Nd4 18. Ne4 Be7 19. Qf1 f5 20. Nxc5 Bxc5 21. Rxc5 Nxe2+ 22. Qxe2 Rxc5 23. Rd4 Qf7 24. b4 Rc7 25. Rd6 Re8 26. h4 Rd7 27. Rxd7 Bxd7 28. Qf2 Bc6 29. Bxc6 bxc6 30. Kh2 h5 31. Kg1 Kh7 32. Qf3 Qg6 33. Bd4 a6 34. Bf2 Re6 35. a4 Qg4 36. Qxg4 hxg4 37. Kf1 g5 38. hxg5 Kg6 39. Be1 Kxg5 40. Bd2+ Kf6 41. Bf4 Ke7 42. Kf2 Kd7 43. Bb8 Kc8 44. Bf4 Kb7 45. Kf1 Kb6 46. Bd2 c5 47. bxc5+ Kxc5 48. Bc3 Re3 49. Bb2 Rxd3 50. Be5 Rf3+ 51. Ke2 Kb4 52. Bd6+ Ka5 53. Be5 Kxa4 54. Bd6 Kb5 55. Be5 Kc4 56. Bd6 a5 57. Be5 a4 58. Bd6 Kb3 59. Be5 a3 60. Bd6 a2 61. Be5 Kc2 62. Bd4 Kb1 63. Be5 Rb3 64. Bd4 Rxg3 65. Be5 Rf3 66. Bd4 Rb3 67. Be5 g3 68. Kf1 f4 69. Kg2 Rd3 70. Kf1 f3 71. Bxg3 a1=Q 72. Kf2 Qa2+ 73. Kf1 Qe2+ 74. Kg1 Qg2# 0-1


[Site "https://www.chess.com"]

[Event "Titled Tuesday Blitz May 03 Early 2022"]
[White "Chernomordik, Pavel"]
[Black "Trost, Edvin"]
[WhiteFideId "2804530"]
[BlackFideId "1729519"]
[WhiteElo "2220"]
[BlackElo "2160"]
[Result "1-0"]
[Round "09"]
[TimeControl "180+1"]
[Date "2022.05.03"]
[WhiteClock "0:00:04"]
[BlackClock "0:00:40"]

1. e4 g5 2. d3 e6 3. Nc3 Bg7 4. Qh5 h6 5. h4 Nf6 6. Qe2 g4 7. e5 Nd5 8. Nxd5 exd5 9. Qxg4 Bxe5 10. Nf3 d6 11. Qa4+ Bd7 12. Qb3 Bg7 13. Qxd5 O-O 14. d4 Nc6 15. c3 a6 16. Bd3 Re8+ 17. Be3 Be6 18. Qh5 Qc8 19. Nh2 f5 20. O-O-O Bf7 21. Qxf5 Qxf5 22. Bxf5 Bxa2 23. Kc2 Na5 24. Ra1 Bb3+ 25. Kc1 Nc4 26. Re1 Re7 27. Bc2 Bxc2 28. Kxc2 Rae8 29. Bd2 Kf7 30. b3 Nb6 31. Rxe7+ Rxe7 32. Kd3 Rd7 33. h5 Nd5 34. Ng4 Rd8 35. Nxh6+ Bxh6 36. Bxh6 Rh8 37. Bd2 Rxh5 38. c4 Nf6 39. f3 Rh2 40. Rg1 d5 41. Bf4 Rh4 42. Bxc7 dxc4+ 43. bxc4 Nd7 44. Bd6 Rh6 45. Bg3 Rg6 46. Bf2 Ke6 47. g4 Nf6 48. Re1+ Kd7 49. Bh4 Ne8 50. Re7+ Kc6 51. Rxe8 b5 52. d5+ Kc5 53. Bf2+ Kb4 54. c5 a5 55. c6 Rg7 56. d6 Rf7 57. Ke4 Rxf3 58. Kxf3 a4 59. d7 a3 60. d8=Q a2 61. Qd5 a1=Q 62. Qd4+ Qxd4 63. Bxd4 Kc4 64. c7 b4 65. c8=Q+ Kb3 66. Re3+ Ka4 67. Qa6# 1-0


[Site "https://www.chess.com"]

[Event "Titled Tuesday Blitz May 03 Early 2022"]
[White "Cramling Bellon, Anna"]
[Black "Hirneise, Jens"]
[WhiteFideId "32009232"]
[BlackFideId "24614734"]
[WhiteElo "1905"]
[BlackElo "2359"]
[Result "0-1"]
[Round "09"]
[TimeControl "180+1"]
[Date "2022.05.03"]
[WhiteClock "0:00:01"]
[BlackClock "0:00:10"]

1. d4 d5 2. c4 e6 3. Nc3 Nf6 4. cxd5 exd5 5. Bg5 Be7 6. e3 O-O 7. Bd3 Re8 8. Qc2 Nbd7 9. Nf3 h6 10. Bh4 c6 11. O-O Ne4 12. Bxe7 Qxe7 13. Bxe4 dxe4 14. Nd2 f5 15. Rae1 Nf6 16. f3 exf3 17. Nxf3 Be6 18. Ne5 Nd7 19. Ng6 Qf6 20. Nf4 Bf7 21. Qf2 Re7 22. e4 Bc4 23. Nh5 Qg5 24. Qxf5 Bxf1 25. Qxg5 hxg5 26. Rxf1 Rf8 27. Rxf8+ Kxf8 28. e5 Nb6 29. Ne4 Kf7 30. g4 Ke6 31. Nxg5+ Kd5 32. Nf4+ Kxd4 33. e6 Nd5 34. Ne2+ Ke5 35. h4 Nf4 36. Nxf4 Kxf4 37. Nf7 Rxe6 38. Nd8 Re7 39. g5 Kg4 40. Kf2 Kxh4 41. g6 Kg5 42. Nf7+ Kxg6 43. Nd6 Rd7 44. Nc4 Kf6 45. Ke3 g5 46. Ke4 Re7+ 47. Kf3 Re6 48. Na5 b6 49. Nb3 c5 50. Nd2 Kf5 51. Nc4 g4+ 52. Kg3 Kg5 53. a4 a6 54. b3 b5 55. axb5 axb5 56. Nd2 Re3+ 57. Kf2 Kf4 58. b4 g3+ 59. Kf1 cxb4 60. Kg2 Re2+ 61. Kg1 Rxd2 62. Kh1 Rc2 63. Kg1 b3 64. Kh1 b2 65. Kg1 b1=Q# 0-1


[Site "https://www.chess.com"]

[Event "Titled Tuesday Blitz May 03 Early 2022"]
[White "Csonka, Balazs"]
[Black "Iljin, Timofey"]
[WhiteFideId "742910"]
[BlackFideId "14110180"]
[WhiteElo "2404"]
[BlackElo "2396"]
[Result "0-1"]
[Round "09"]
[TimeControl "180+1"]
[Date "2022.05.03"]
[WhiteClock "0:00:02"]
[BlackClock "0:00:07"]

1. d4 d5 2. Nf3 Nf6 3. Bf4 c5 4. e3 Nc6 5. Nbd2 Bf5 6. dxc5 e6 7. Nd4 Bxc5 8. Nxf5 exf5 9. c3 O-O 10. Be2 Re8 11. Bg5 h6 12. Bxf6 Qxf6 13. g3 Rad8 14. O-O g5 15. Nb3 Bd6 16. Bb5 f4 17. exf4 gxf4 18. Qg4+ Kh8 19. Bxc6 bxc6 20. Nd4 Be5 21. Nf3 Rg8 22. Qh5 Bc7 23. Rae1 Rg7 24. Kh1 Rdg8 25. Ne5 Kh7 26. Nd7 Qg6 27. Qxg6+ Rxg6 28. Re7 Kg7 29. Rfe1 Bd6 30. R7e2 Rc8 31. Ne5 Bxe5 32. Rxe5 fxg3 33. hxg3 Rd6 34. Kg2 Rb8 35. b3 a5 36. Re7 a4 37. bxa4 Ra8 38. Rc7 Rxa4 39. Ree7 Rf6 40. f4 Rxa2+ 41. Kh3 Rc2 42. c4 Rxc4 43. Kg4 Rc3 44. Red7 Rg6+ 45. Kh5 Rf6 46. Kg4 h5+ 47. Kh4 Rc1 48. Kh3 Rc4 49. Kh4 Kg6 50. Kh3 d4 51. Rd8 c5 52. Rg8+ Kf5 53. Rg5+ Ke4 54. Re5+ Kf3 55. Rxh5 Rc1 56. Kh2 c4 57. Rd5 d3 58. Rxd3+ cxd3 59. Rxc1 d2 60. Ra1 Ra6 61. Rxa6 d1=Q 62. Ra3+ Kg4 63. Ra2 Qf3 64. Rg2 f5 65. Rg1 Qe2+ 66. Rg2 Qe8 67. Rg1 Kf3 68. Rf1+ Ke2 69. Rg1 Qa8 70. Rg2+ Kf1 71. Rg1+ Kf2 72. Kh3 Kxg1 73. Kh4 Qg8 0-1


[Site "https://www.chess.com"]

[Event "Titled Tuesday Blitz May 03 Early 2022"]
[White "Cunha, Lucas Aguiar"]
[Black "Navalgund, Niranjan"]
[WhiteFideId "2125404"]
[BlackFideId "5030854"]
[WhiteElo "2361"]
[BlackElo "2290"]
[Result "1-0"]
[Round "09"]
[TimeControl "180+1"]
[Date "2022.05.03"]
[WhiteClock "0:00:11"]
[BlackClock "0:00:16"]

1. e4 e5 2. Nf3 Nc6 3. Nc3 Nf6 4. Bb5 Bb4 5. O-O O-O 6. d3 d6 7. Bg5 Bxc3 8. bxc3 Ne7 9. Nh4 c6 10. Ba4 d5 11. exd5 Qxd5 12. Bb3 Qd6 13. Re1 Ng6 14. Nxg6 hxg6 15. Qe2 Re8 16. Bh4 Bg4 17. Qe3 Nd5 18. Qg5 Bf5 19. c4 Nf4 20. Bg3 f6 21. c5+ Be6 22. Qxf4 exf4 23. cxd6 Bxb3 24. axb3 fxg3 25. hxg3 Rxe1+ 26. Rxe1 Rd8 27. Re7 b6 28. Rxa7 Rxd6 29. Rb7 c5 30. f3 g5 31. Kf2 Re6 32. g4 Kh7 33. g3 Kg6 34. f4 gxf4 35. gxf4 f5 36. Kf3 fxg4+ 37. Kxg4 Rf6 38. Re7 Rd6 39. Kf3 Kf6 40. Rb7 g6 41. Ke4 Rd4+ 42. Ke3 Rd6 43. c3 Kf5 44. Rf7+ Ke6 45. Rf8 Ke7 46. Rb8 Kf6 47. d4 cxd4+ 48. cxd4 Kf5 49. Rf8+ Ke6 50. Ke4 Ke7 51. Rb8 Re6+ 52. Kd3 Rf6 53. Ke3 Re6+ 54. Kd3 Rf6 55. Rb7+ Kd8 56. Ke4 Kc8 57. Re7 Kd8 58. Rb7 Kc8 59. Rg7 Re6+ 60. Kd5 Rf6 61. Ke5 Rf5+ 62. Ke4 Rf6 63. d5 Kd8 64. b4 b5 65. Rb7 Kc8 66. Rxb5 Kc7 67. Rc5+ Kd7 68. Rc6 Rf8 69. Rxg6 Rb8 70. Ke5 Rxb4 71. Rg7+ Ke8 72. f5 Rb1 73. f6 Rf1 74. Re7+ Kf8 75. Ra7 Re1+ 76. Kd6 Rf1 77. f7 Rd1 78. Rd7 Re1 79. Kc5 Rc1+ 80. Kd4 Rd1+ 81. Kc3 Rc1+ 82. Kd2 Rc4 83. d6 Rf4 84. Ke3 Rxf7 85. Rd8+ Kg7 86. Ke4 Rf1 87. Kd5 Kf7 88. Kc6 Rc1+ 89. Kd7 Ra1 90. Rc8 Ra7+ 91. Rc7 Ra8 92. Rc2 Ra7+ 93. Kc8 Ra8+ 94. Kb7 Ra1 95. Kc7 Ra7+ 96. Kc8 Ra8+ 97. Kb7 Ra1 98. Re2 Rb1+ 99. Kc7 Rc1+ 100. Kd8 Rc3 101. d7 Rc1 102. Re4 Rd1 103. Kc7 Rc1+ 104. Kd8 Kf6 105. Re8 Kf7 106. Re3 Rc2 107. Rd3 Ke6 108. Ke8 Rh2 109. Re3+ Kf5 110. d8=Q Rh8+ 111. Kd7 Rxd8+ 112. Kxd8 Kf4 113. Re7 Kf5 114. Kd7 Kf6 115. Re4 Kf5 116. Ra4 Ke5 117. Rh4 Kd5 118. Rh5+ Ke4 119. Ke6 Kf4 120. Re5 Kg4 121. Re4+ Kf3 122. Kf5 Kf2 123. Kf4 Kg2 124. Re3 Kf2 125. Re4 Kg2 126. Re2+ Kf1 127. Kf3 Kg1 128. Ra2 1-0


[Site "https://www.chess.com"]

[Event "Titled Tuesday Blitz May 03 Early 2022"]
[White "D`Arruda, Ricardo D."]
[Black "Janaszak, Dawid"]
[WhiteFideId "100692"]
[BlackFideId "1119206"]
[WhiteElo "2435"]
[BlackElo "2199"]
[Result "0-1"]
[Round "09"]
[TimeControl "180+1"]
[Date "2022.05.03"]
[WhiteClock "0:02:06"]
[BlackClock "0:02:22"]

1. d4 Nf6 2. Nf3 g6 3. Nc3 Bg7 4. e4 d6 5. Bg5 h6 6. Bh4 c5 7. dxc5 Qa5 8. Qd2 Qxc5 9. O-O-O Nc6 10. Bd3 Bg4 11. Rhe1 O-O 12. Bxf6 Bxf6 13. Qxh6 Bxf3 14. gxf3 Bg5+ 0-1


[Site "https://www.chess.com"]

[Event "Titled Tuesday Blitz May 03 Early 2022"]
[White "Dang, Hoang Son"]
[Black "Shohat, Yotam"]
[WhiteFideId "12402435"]
[BlackFideId "2813955"]
[WhiteElo "2252"]
[BlackElo "2119"]
[Result "1-0"]
[Round "09"]
[TimeControl "180+1"]
[Date "2022.05.03"]
[WhiteClock "0:00:06"]
[BlackClock "0:00:02"]

1. d4 Nf6 2. Bf4 c5 3. e3 d5 4. Nf3 Nc6 5. Nbd2 cxd4 6. exd4 Bf5 7. c3 e6 8. Qb3 Bd6 9. Qxb7 Bxf4 10. Qxc6+ Ke7 11. Nb3 Qd6 12. Qxd6+ Kxd6 13. g3 Bh6 14. Ne5 Rhf8 15. f3 Rab8 16. Na5 Nd7 17. a4 Nxe5 18. dxe5+ Kc7 19. b4 d4 20. b5 dxc3 21. f4 g5 22. Ra3 gxf4 23. Rxc3+ Kd7 24. Bg2 Rfc8 25. Nc6 Ke8 26. O-O Rb6 27. gxf4 a6 28. Rg3 axb5 29. axb5 Rxb5 30. Na7 Rbb8 31. Nxc8 Rxc8 32. Rg8+ Bf8 33. Rd1 Bg6 34. h4 Ke7 35. Bf3 Rc3 36. Kg2 Bh6 37. h5 Bc2 38. Rdd8 f5 39. Rge8+ Kf7 40. Rh8 Bxf4 41. Rd7# 1-0


[Site "https://www.chess.com"]

[Event "Titled Tuesday Blitz May 03 Early 2022"]
[White "Djordjevic, Vuk"]
[Black "Pasti, Aron"]
[WhiteFideId "902098"]
[BlackFideId "785857"]
[WhiteElo "2496"]
[BlackElo "2133"]
[Result "1-0"]
[Round "09"]
[TimeControl "180+1"]
[Date "2022.05.03"]
[WhiteClock "0:00:03"]
[BlackClock "0:00:02"]

1. d4 d5 2. Bf4 c5 3. e3 Nc6 4. c3 a6 5. Nd2 Qb6 6. Qb3 Qa7 7. Qxd5 cxd4 8. exd4 Nf6 9. Qb3 e5 10. Bxe5 Nxe5 11. dxe5 Ng4 12. Nh3 Bc5 13. Ne4 O-O 14. Be2 Nxe5 15. Nf4 Bb6 16. O-O Bf5 17. Ng3 Bg6 18. Rad1 Rae8 19. Nxg6 Nxg6 20. Qc2 Nh4 21. Bc4 Qb8 22. Rd7 Qf4 23. b3 Rd8 24. Rxd8 Rxd8 25. Qe4 Qf6 26. Bd3 g6 27. c4 Rd4 28. Qe2 Qd8 29. Rd1 Rf4 30. Bc2 Qg5 31. Rf1 h5 32. Be4 Qe7 33. Qd3 Bc5 34. Bd5 Kh7 35. Qe2 Qf6 36. Ne4 Qe7 37. g3 Nf3+ 38. Kg2 Rf5 39. Qxf3 Rxf3 40. Kxf3 f5 41. Nxc5 Qxc5 42. Bxb7 Qa3 43. Re1 Qxa2 44. Re3 Qa3 45. Kg2 Kh6 46. h4 a5 47. Bd5 Kg7 48. Rd3 Qc5 49. Re3 Qa3 50. Bf3 Kf6 51. Bc6 Qc5 52. Bd5 Qd4 53. Rf3 Ke5 54. Bc6 Kd6 55. Be8 Qf6 56. Bb5 Kc5 57. Ba4 Kb4 58. Re3 f4 59. Rf3 Qe6 60. Rxf4 Qe5 61. Kh2 Qe1 62. Kg2 Qe5 63. Kh2 Qb2 64. Rf3 Qe2 65. Rf6 Qe4 66. Rf4 Qe5 67. Kg2 Qe1 68. c5+ Kxc5 69. Rc4+ Kb6 70. Rf4 1-0


[Site "https://www.chess.com"]